 Dungeon Crawl Stone Soup version 0.21-a0-525-ga34b322 (webtiles) character file.

10511 Amnesiac the Archer (level 11, -11/86 HPs)
             Began as a Mummy Arcane Marksman on Dec 8, 2017.
             Was a High Priest of Okawaru.
             Killed from afar by an orc sorcerer (22 damage)
             ... with a bolt of fire
             ... on level 1 of the Orcish Mines.
             The game lasted 00:36:19 (14908 turns).

Amnesiac the Archer (Mummy Arcane Marksman)        Turns: 14908, Time: 00:36:20

Health: -11/86     AC: 15    Str: 22    XL:     11   Next: 37%
Magic:  18/18      EV: 11    Int: 12    God:    Okawaru [*****.]
Gold:   1099       SH:  0    Dex: 14    Spells: 10/20 levels left

rFire    . . .     SeeInvis .   b - +0 dagger (venom)
rCold    + . .     Gourm    .   (no shield)
rNeg     + + +     Faith    .   j - +4 scale mail {rF+}
rPois    ∞         Spirit   .   u - +2 helmet
rElec    .         Reflect  .   (no cloak)
rCorr    .         Harm     .   (no gloves)
MR       +....                  e - +0 pair of boots
Stlth    ..........             (no amulet)
HPRegen  0.24/turn              m - +6 ring of strength
MPRegen  0.16/turn              K - ring of loudness (curse)

@: no status effects
A: no food or potions, fire vulnerability, cold resistance 1, negative energy
resistance 3, torment resistance, unbreathing
a: Heroism, Finesse, Renounce Religion


You were on level 1 of the Orcish Mines.
You worshipped Okawaru.
Okawaru was extremely pleased with you.
You were not hungry.

You visited 2 branches of the dungeon, and saw 12 of its levels.

You collected 1099 gold pieces.

Inventory:

Hand Weapons
 a - a +0 shortbow
 b - a +0 dagger of venom (weapon)
 h - a +0 blowgun
 p - a +4 dagger
 B - a +0 hunting sling
 J - a +0 quarterstaff of crushing
Missiles
 d - 292 arrows
 o - 63 sling bullets
 w - 7 curare-tipped needles
 L - 11 poisoned needles
Armour
 e - a +0 pair of boots (worn)
 j - a +4 scale mail of fire resistance (worn)
 u - a +2 helmet (worn)
Jewellery
 m - a +6 ring of strength (left hand)
 r - an uncursed ring of protection from cold
 C - an uncursed ring of magical power
 I - an uncursed ring of flight
 K - a cursed ring of loudness (right hand)
Wands
 f - a wand of iceblast (26)
 n - a wand of disintegration (18)
 q - a wand of paralysis (20)
 E - a wand of flame (20)
 F - a wand of random effects (12)
 G - a wand of polymorph (12)
 H - a wand of acid (9)
Scrolls
 g - 3 scrolls of amnesia {!r}
 i - 9 scrolls of teleportation {!r}
 k - 2 scrolls of immolation {!r}
 l - 2 scrolls of magic mapping {!r}
 s - 3 scrolls of fear {!r}
 t - 2 scrolls of enchant armour {!r}
 v - 2 scrolls of blinking {!r}
 x - 7 scrolls of remove curse {!r}
 z - a scroll of enchant weapon {!r}
Books
 c - a book of Debilitation

   Spells                             Type                      Level
   a - Corona                         Hexes                        1
   b - Slow                           Hexes                        2
   c - Inner Flame                    Hexes/Fire                   3
   d - Portal Projectile              Hexes/Translocation          3
   e - Cause Fear                     Hexes                        4
   f - Leda's Liquefaction            Hexes/Earth                  4
 y - a book of Battle

   Spells                             Type                      Level
   a - Infusion                       Charms                       1
   b - Shroud of Golubria             Charms/Translocation         2
   c - Song of Slaying                Charms                       2
   d - Spectral Weapon                Hexes/Charms                 3
   e - Regeneration                   Charms/Necromancy            3
 A - a book of Frost

   Spells                             Type                      Level
   a - Freeze                         Ice                          1
   b - Throw Frost                    Conjuration/Ice              2
   c - Ozocubu's Armour               Charms/Ice                   3
   d - Throw Icicle                   Conjuration/Ice              4
   e - Summon Ice Beast               Ice/Summoning                4


   Skills:
 - Level 8.0 Fighting
 * Level 10.7 Bows
 + Level 2.9 Armour
 + Level 2.9 Dodging
 - Level 5.0 Spellcasting
 - Level 5.3 Hexes
 + Level 5.3 Invocations


You had 10 spell levels left.
You knew the following spells:

 Your Spells              Type           Power        Failure   Level  Hunger
a - Corona                Hex            ###....      6%          1    N/A
b - Cause Fear            Hex            ###.......   50%         4    N/A
c - Portal Projectile     Hex/Tloc       #.....       45%         3    N/A
e - Slow                  Hex            ###.....     9%          2    N/A

Dungeon Overview and Level Annotations

Branches:
Dungeon (10/15)            Temple (0/1) D:4            Lair (0/6) D:10
    Orc (2/2) D:9
    Elf: Orc:2

Altars:
Cheibriados
Dithmenos
Elyvilon
Gozag
Hepliaklqana
Makhleb
Okawaru
Qazlal
Ru
Sif Muna
Trog
Vehumet
Wu Jian
Xom
The Shining One

Shops:
D:7 !}   Orc:2 ?:


Innate Abilities, Weirdness & Mutations

You do not eat or drink.
Your flesh is vulnerable to fire.
You are immune to poison.
Your flesh is cold resistant. (rC+)
You are immune to negative energy. (rN+++)
You are immune to unholy pain and torment.
You can survive without breathing.


Message History

a robe; a short sword
Things that are here:
a chain mail; a glaive The rust devil disappears in a puff of smoke!
Your magical contamination has completely faded away.
There is an escape hatch in the ceiling here.
A mysterious force pulls you upwards. The hatch slams shut behind you.
There is an escape hatch in the ceiling here.
You are no longer corroded.
You see here a pair of boots.
There is a stone staircase leading down here.
You start resting.
HP restored.
You start resting.
HP restored.
You climb downwards.
There is a stone staircase leading up here.
Done exploring.
Done exploring.
(D) Dungeon (T) Temple (L) Lair (O) Orcish Mines
Where to? (Enter - D:8 @ (x,y), ? - help)
What level of the Orcish Mines? (default 1, ? - help)
You see here a short sword.
There is a staircase to the Orcish Mines here.
You climb downwards.
Welcome back to the Orcish Mines!
The orc sorcerer is too close now for your liking.
There is a staircase back to the Dungeon here.
You hit the orc sorcerer.
The orc sorcerer is poisoned.
The orc sorcerer is lightly wounded.
The orc sorcerer completely misses you.
You closely miss the orc sorcerer.
The orc sorcerer is lightly wounded.
The orc sorcerer barely misses you.
You hit the orc sorcerer but do no damage.
The orc sorcerer is lightly wounded.
The orc sorcerer mumbles some strange words.
You hit the orc sorcerer.
The orc sorcerer looks as sick as possible!
The orc sorcerer is moderately wounded.
The orc sorcerer hits you but does no damage.
The sun demon hits you but does no damage.
You closely miss the orc sorcerer.
The orc sorcerer is moderately wounded.
The orc sorcerer barely misses you. The sun demon hits you!
You are engulfed in flames!
You hit the orc sorcerer but do no damage.
The orc sorcerer is moderately wounded.
The orc sorcerer hits you but does no damage.
The sun demon hits you.
You are engulfed in flames!
The orc sorcerer points at you and mumbles some strange words.
The bolt of fire hits you!
The orc sorcerer hits you but does no damage.
The sun demon hits you!!
* * * LOW HITPOINT WARNING * * *
You are engulfed in flames!
* * * LOW HITPOINT WARNING * * *
Things that are here:
a chain mail; a long sword; an orc skeleton
Things that are here:
a glowing leather armour; an orc skeleton The orc sorcerer points at you and mumbles some strange words.
The bolt of fire hits the sun demon.
The sun demon completely resists.
The bolt of fire hits you!
You die...

....# #...###
..### ###.## .>#
####....#### (.#
##.#........# ###
#.........#####
##.#..o..[..#.##
###..>..#.#.....##
#....3######3....#
##...@#.###.....##
###.....#<.....##
##..............#
#...##...#......#
##.##.#.####.#.##
#####.### ###.##
#....# #...#
##.### ##.## ##
### ###


You could see a sun demon and an orc sorcerer.

Vanquished Creatures
  A stone giant (D:9)
  A two-headed ogre (D:8)
  An unseen horror (D:9)
  Joseph (D:9)
  2 hippogriffs
  4 hogs (D:9)
  A human (D:9)
  4 yaks
  3 hungry ghosts
  2 basilisks (D:10)
  A warg (Orc:1)
  A porcupine (D:10)
  A water moccasin (D:9)
  5 sky beasts
  3 ice beasts
  A black bear (D:5)
  8 ogres
  7 orc warriors
  5 centaurs
  2 crocodiles (D:10)
  A big kobold (D:10)
  8 bullfrogs
  3 scorpions
  3 killer bees (D:10)
  3 howler monkeys (D:10)
  7 wights
  A crimson imp (D:5)
  2 bullfrog zombies
  4 hounds
  14 orc priests
  2 jellies
  8 orc wizards
  A bullfrog skeleton (D:4)
  A centaur skeleton (D:9)
  Jessica (D:2)
  An iguana (D:10)
  Terence (D:2)
  5 worker ants
  A statue (D:9)
  A hound zombie (D:10)
  A mummy (D:5)
  Robin (D:2)
  3 gnolls (D:4)
  8 adders
  2 shadow imps
  2 oozes
  An adder zombie (D:6)
  An adder skeleton (D:9)
  6 worms
  2 dart slugs
  3 leopard geckos
  40 orcs
  2 giant cockroaches (D:2)
  11 goblins
  9 hobgoblins
  12 jackals
  6 quokkas
  4 ball pythons
  4 bats
  A frilled lizard (D:4)
  A jackal zombie (D:5)
  13 kobolds
  A leopard gecko skeleton (D:7)
  A quokka zombie (D:7)
  13 rats
270 creatures vanquished.

Vanquished Creatures (others)
  2 bushes (D:10)
  6 fungi (D:10)
  18 plants (D:10)
26 creatures vanquished.

Grand Total: 296 creatures vanquished

Notes
Turn   | Place    | Note
-------+----------+-------------------------------------------
     0 | D:1      | Amnesiac the Mummy Arcane Marksman began the quest for the Orb.
     0 | D:1      | Reached XP level 1. HP: 15/15 MP: 2/2
   123 | D:1      | Reached skill level 1 in Armour
   138 | D:1      | Reached XP level 2. HP: 21/21 MP: 4/4
   607 | D:2      | Noticed Robin
   789 | D:2      | Reached XP level 3. HP: 24/27 MP: 5/5
   884 | D:2      | Reached skill level 2 in Bows
  1105 | D:2      | Noticed Terence
  1120 | D:2      | Killed Terence
  1120 | D:2      | Reached skill level 3 in Bows
  1120 | D:2      | Reached XP level 4. HP: 31/33 MP: 6/6
  1124 | D:2      | Learned a level 2 spell: Slow
  1431 | D:2      | Killed Robin
  1773 | D:2      | Noticed a moth of wrath
  1776 | D:2      | Found a bloodstained altar of Trog.
  1777 | D:2      | Noticed Jessica
  1809 | D:2      | Killed Jessica
  1809 | D:2      | Reached XP level 5. HP: 30/38 MP: 7/7
  2115 | D:3      | Reached skill level 4 in Bows
  2338 | D:3      | Reached XP level 6. HP: 16/44 MP: 3/8
  2639 | D:3      | Found an iron altar of Okawaru.
  2725 | D:3      | Became a worshipper of Warmaster Okawaru
  2746 | D:3      | Found a stormy altar of Qazlal.
  3087 | D:4      | Found a staircase to the Ecumenical Temple.
  3631 | D:4      | Found a hazy altar of Hepliaklqana.
  3634 | D:4      | Found a deep blue altar of Sif Muna.
  3735 | D:4      | Found a white marble altar of Elyvilon.
  3868 | D:4      | Reached skill level 5 in Bows
  3868 | D:4      | Reached XP level 7. HP: 51/52 MP: 7/11
  3908 | D:4      | Found a shadowy altar of Dithmenos.
  3936 | D:4      | Learned a level 4 spell: Cause Fear
  3940 | D:4      | Learned a level 3 spell: Portal Projectile
  3941 | D:5      | Entered Level 5 of the Dungeon
  4182 | D:5      | Reached * piety under Okawaru
  4318 | D:5      | Found a burning altar of Makhleb.
  4458 | D:5      | Found a glowing golden altar of the Shining One.
  4976 | D:5      | Reached skill level 6 in Bows
  5124 | D:5      | Found a snail-covered altar of Cheibriados.
  5132 | D:5      | Reached XP level 8. HP: 60/60 MP: 10/12
  5649 | D:6      | Found an opulent altar of Gozag.
  5958 | D:6      | Found an ornate altar of the Wu Jian Council.
  6049 | D:6      | Reached ** piety under Okawaru
  6498 | D:7      | Reached skill level 5 in Fighting
  6498 | D:7      | Reached skill level 7 in Bows
  6760 | D:7      | Reached XP level 9. HP: 46/68 MP: 4/15
  6956 | D:7      | Found Bowueps's Distillery.
  6996 | D:7      | Found Rekhakag's Gadget Shop.
  7244 | D:8      | Reached skill level 5 in Spellcasting
  7489 | D:8      | Reached *** piety under Okawaru
  7580 | D:8      | Found a glowing golden altar of the Shining One.
  7591 | D:8      | Reached skill level 8 in Bows
  7735 | D:8      | Noticed a two-headed ogre
  7770 | D:8      | Killed a two-headed ogre
  7770 | D:8      | Reached skill level 5 in Hexes
  7770 | D:8      | Reached skill level 1 in Invocations
  8214 | D:9      | Received a gift from Okawaru
  8408 | D:9      | Noticed Joseph
  8512 | D:10     | Entered Level 10 of the Dungeon
  8529 | D:10     | Reached XP level 10. HP: 26/77 MP: 7/17
  8762 | D:10     | Reached skill level 9 in Bows
  8785 | D:10     | Reached **** piety under Okawaru
  9304 | D:9      | Killed an unseen horror
  9668 | D:9      | Killed Joseph
  9945 | D:9      | Reached ***** piety under Okawaru
 10088 | D:9      | Found a radiant altar of Vehumet.
 10245 | D:9      | Found a sacrificial altar of Ru.
 10255 | D:9      | Found a shimmering altar of Xom.
 10335 | D:9      | Received a gift from Okawaru
 10348 | D:9      | Reached skill level 10 in Bows
 10456 | D:9      | Found a staircase to the Orcish Mines.
 10825 | D:10     | Received a gift from Okawaru
 11098 | D:10     | Reached XP level 11. HP: 81/86 MP: 18/18
 11203 | D:10     | Found a staircase to the Lair.
 11248 | D:10     | Received a gift from Okawaru
 12055 | Orc:1    | Entered Level 1 of the Orcish Mines
 12151 | Orc:2    | Entered Level 2 of the Orcish Mines
 12489 | Orc:1    | Reached skill level 5 in Invocations
 12793 | Orc:1    | Noticed a stone giant
 13958 | D:9      | Killed a stone giant
 14213 | Orc:2    | Found Jymmazem's Book Boutique.
 14213 | Orc:2    | Found Gobluq's Magic Scroll Shop.
 14213 | Orc:2    | Noticed an orc high priest
 14213 | Orc:2    | Noticed an orc sorcerer
 14896 | Orc:1    | Noticed a sun demon
 14908 | Orc:1    | Killed from afar by an orc sorcerer

Vault maps used:
D:1:      nicolae_arrival_memento_mori
D:2:      tgw_trog, uniq_jessica, uniq_terence, uniq_robin
D:3:      okawaru_metal_pillars_3, lemuel_crystal_altar
D:4:      elyvilon_altar_3, minitemple, temple_hall, st_stairs_6
D:5:      minmay_opposing_rooms, slow_altar_2, nicolae_overflow_hidden_temple,
          overflow_temple_1_default, first_bread
D:6:      old_standard_altar, nicolae_gozag_cash_rules_everything_around_me
D:7:      serial_shops, shop_fountains, kennysheep_little_box
D:8:      basic_altar
D:9:      vehumet_statue, amethyst_overflow_temple_binary, david_orc_3,
          grunt_livestock, uniq_joseph
D:10:     minmay_lair_entry_grove
Orc:1:    uniq_josephine
Orc:2:    st_orc_mages, led_sif_book

Skill      XL: |  1  2  3  4  5  6  7  8  9 10 11 |
---------------+----------------------------------+-----
Armour         | 1 2 |  2.9
Fighting       | 2 3 4 5 6 8 |  8.0
Bows           | 3 4 5 6 7 8 10 | 10.7
Spellcasting   | 3 4 5 |  5.0
Hexes          | 3 4 5 |  5.3
Invocations    | 2 4 5 |  5.3
Dodging        | 2 |  2.9

Action                   |  1- 3 |  4- 6 |  7- 9 | 10-12 || total
-------------------------+-------+-------+-------+-------++-------
Melee: Dagger            |   107 |   109 |       |   153 ||   369
       Falchion          |       |    15 |       |       ||    15
       Short sword       |       |       |   119 |   144 ||   263
 Fire: Shortbow          |    20 |    42 |   229 |   265 ||   556
       Hunting sling     |       |    98 |    72 |       ||   170
       Blowgun           |       |       |       |    21 ||    21
 Cast: Corona            |     6 |     9 |    42 |    11 ||    68
       Slow              |       |    15 |    60 |    21 ||    96
       Cause Fear        |       |       |     4 |     1 ||     5
  Use: Scroll            |       |    10 |       |     5 ||    15
Armor: Ring mail         |     8 |       |       |       ||     8
       Scale mail        |    48 |   108 |   222 |   200 ||   578
Dodge: Dodged            |    63 |   108 |   206 |   171 ||   548
       Rpst.: Falchion   |       |     4 |       |       ||     4

Table legend:
 A = Spawn XP
 B = Non-spawn XP
 C = Spawn XP percentage of total XP
 D = Spawn monster count
 E = Non-spawn monster count
 F = Spawn count percentage of total count
 G = Total turns spent on level
                    A         B        C        D         E        F      G
               +---------+---------+-------+---------+---------+-------+---------
         Total |       0 |   15016 |   0.0 |       0 |     270 |   0.0 | 14908
               +---------+---------+-------+---------+---------+-------+---------
           D:1 |       0 |      35 |   0.0 |       0 |      20 |   0.0 |   796
           D:2 |       0 |     210 |   0.0 |       0 |      39 |   0.0 |  1402
           D:3 |       0 |     204 |   0.0 |       0 |      21 |   0.0 |  1067
           D:4 |       0 |     299 |   0.0 |       0 |      18 |   0.0 |   832
           D:5 |       0 |     801 |   0.0 |       0 |      15 |   0.0 |  1431
           D:6 |       0 |     594 |   0.0 |       0 |      12 |   0.0 |   941
           D:7 |       0 |     693 |   0.0 |       0 |      15 |   0.0 |   897
           D:8 |       0 |    2071 |   0.0 |       0 |      22 |   0.0 |  1468
           D:9 |       0 |    5451 |   0.0 |       0 |      40 |   0.0 |  2648
          D:10 |       0 |    3239 |   0.0 |       0 |      43 |   0.0 |  1581
         Orc:1 |       0 |     795 |   0.0 |       0 |      14 |   0.0 |   907
         Orc:2 |       0 |     624 |   0.0 |       0 |      11 |   0.0 |   938
               +---------+---------+-------+---------+---------+-------+---------
